 Dungeon Crawl Stone Soup version 0.21.1-1-g345015f (webtiles) character file.

13871 Kagorn the Cleaver (level 12, -7/113 HPs)
             Began as a Hill Orc Fighter on June 22, 2018.
             Was a High Priest of Beogh.
             Mangled by a phantasmal warrior (10 damage)
             ... led by a death knight
             ... on level 12 of the Dungeon on June 23, 2018.
             The game lasted 01:21:01 (11745 turns).

Kagorn the Cleaver (Hill Orc Fighter)              Turns: 11745, Time: 01:21:02

Health: -7/113     AC: 16    Str: 24    XL:     12   Next: 10%
Magic:  7/7        EV: 11    Int:  6    God:    Beogh [*****.]
Gold:   518        SH: 11    Dex: 10    Spells: 12/13 levels left

rFire    + + .     SeeInvis .   b - +2 war axe (antimagic)
rCold    . . .     Gourm    .   c - +0 shield
rNeg     . . .     Faith    .   p - +1 scale mail {rF+}
rPois    .         Spirit   .   j - +1 helmet
rElec    .         Reflect  .   (no cloak)
rCorr    .         Harm     .   e - +2 pair of gloves
MR       .....                  D - +0 pair of boots
Stlth    ..........             (no amulet)
HPRegen  0.28/turn              H - ring of protection from fire
MPRegen  0.10/turn              v - ring of magical power

@: lethally poisoned (-7 -> -14), hasted and slowed
A: walk on water, dopey 1
a: Smiting, Recall Orcish Followers, Give Item to Named Follower, Renounce
Religion


You were on level 12 of the Dungeon.
You worshipped Beogh.
Beogh was extremely pleased with you.
You were not hungry.

You visited 1 branch of the dungeon, and saw 12 of its levels.
You visited the Abyss 1 time.
You also visited: Sewer.

You collected 706 gold pieces.
You spent 188 gold pieces at shops.

Inventory:

Hand Weapons
 a - a +2 antimagic short sword
 b - a +2 antimagic war axe (weapon)
 t - a +3 dagger of distortion
 G - a +1 vampiric dagger
 N - a +5 battleaxe
 T - a +0 battleaxe
 U - a +0 blowgun
 V - a +1 short sword of speed
 X - a +0 dagger of draining
Missiles
 q - 33 poisoned needles
 s - 11 tomahawks (quivered)
Armour
 c - a +0 shield (worn)
 e - a +2 pair of gloves (worn)
 j - a +1 helmet (worn)
 p - a +1 scale mail of fire resistance (worn)
 D - a +0 pair of boots (worn)
 L - a +0 plate armour
 P - a +0 troll leather armour
Jewellery
 v - a ring of magical power (right hand)
 H - a ring of protection from fire (left hand)
 S - a +2 ring of strength {unknown}
 W - an uncursed amulet of magic regeneration {unknown}
Wands
 k - a wand of flame (27)
 y - a wand of scattershot (9)
 F - a wand of random effects (18)
 M - a wand of polymorph (9)
Scrolls
 h - 4 scrolls of remove curse
 i - 7 scrolls of identify
 w - 3 scrolls of fear
 z - 6 scrolls of teleportation
 E - a scroll of blinking
 K - a scroll of fog {unknown}
 O - 2 scrolls of enchant armour
 Q - a scroll of noise {unknown}
 R - a scroll of summoning {unknown}
Potions
 d - 3 potions of might
 g - 4 potions of berserk rage
 l - a potion of agility
 m - 7 potions of flight
 u - a potion of resistance
 A - a potion of invisibility
 B - 3 potions of lignification
 I - a potion of ambrosia
 J - a potion of haste
Books
 n - a book of Cantrips

   Spells                             Type                      Level
   a - Confusing Touch                Hexes                        1
   b - Animate Skeleton               Necromancy                   1
   c - Summon Small Mammal            Summoning                    1
   d - Apportation                    Translocation                1
 o - a book of Frost

   Spells                             Type                      Level
   a - Freeze                         Ice                          1
   b - Throw Frost                    Conjuration/Ice              2
   c - Ozocubu's Armour               Charms/Ice                   3
   d - Throw Icicle                   Conjuration/Ice              4
   e - Summon Ice Beast               Ice/Summoning                4
 x - a book of Callings

   Spells                             Type                      Level
   a - Summon Small Mammal            Summoning                    1
   b - Call Imp                       Summoning                    2
   c - Call Canine Familiar           Summoning                    3
   d - Summon Guardian Golem          Hexes/Summoning              3
   e - Summon Lightning Spire         Summoning/Air                4
   f - Summon Ice Beast               Ice/Summoning                4
 C - a book of Necromancy

   Spells                             Type                      Level
   a - Pain                           Necromancy                   1
   b - Animate Skeleton               Necromancy                   1
   c - Vampiric Draining              Necromancy                   3
   d - Regeneration                   Charms/Necromancy            3
   e - Animate Dead                   Necromancy                   4
   f - Borgnjor's Vile Clutch         Necromancy/Earth             5
Comestibles
 f - 14 rations


   Skills:
 * Level 12.4 Fighting
 * Level 13.1 Axes
 + Level 8.7 Armour
 + Level 5.8 Dodging
 + Level 8.7 Shields
 * Level 1.2 Spellcasting
 * Level 1.3 Translocations


You had 12 spell levels left.
You knew the following spells:

 Your Spells              Type           Power        Failure   Level  Hunger
a - Apportation           Tloc           #.....       77%         1    ##.....


Dungeon Overview and Level Annotations

Branches:
Dungeon (12/15)            Temple (0/1) D:6            Lair (0/6) D:11
    Orc: D:9-12

Altars:
Cheibriados
Dithmenos
Fedhas
Gozag
Hepliaklqana
Okawaru
Qazlal
Ru
Sif Muna
Trog
Uskayaw
Vehumet
Xom
The Shining One

Shops:
D:7 }*%[%   D:8 [

Annotations:
D:2 exclusion: oklob plant
D:11 1 runed door, exclusion: 4 orange crystal statues
D:12 Harold


Innate Abilities, Weirdness & Mutations

You can walk on water.
You are dopey. (Int -2)


Message History

You hit the freezing wraith. You barely miss the death knight.
You feel sick.
You hear a shout!
The phantasmal warrior hits you!!
* * * LOW HITPOINT WARNING * * *
You block the freezing wraith's attack. The freezing wraith hits you.
* * * LOW HITPOINT WARNING * * *
The freezing wraith drains your vigour!
You feel yourself slow down.
A two-headed ogre comes into view. It is wielding two giant spiked clubs.
You feel sick.
The two-headed ogre shouts in stereo!
Harold closely misses you.
Your orc closely misses the death knight.
The death knight hits you with a battleaxe!
* * * LOW HITPOINT WARNING * * *
The death knight hits your orc with a battleaxe.
The gnoll hits you but does no damage.
The gnoll sergeant hits you but does no damage.
You are more poisoned.
The phantasmal warrior hits you!
You die...

....%........#
.............##
..............#
..............##
O..............#
........ro(....#
.......Wp).....##
.......@Wg.......
.........@......#
.........g....###
..............#
###........O.##
#####....#o#
####.#g# .#.# ##


You could see a death knight, Harold, a two-headed ogre, a phantasmal warrior, a
freezing wraith, an ogre, a gnoll sergeant, 2 gnolls, an orc, a quokka and a
friendly orc.

Vanquished Creatures
  A tentacled starspawn (Abyss:1)
  3 death yaks (D:11)
  The ghost of TotesWizzard the Carver, a novice DsBe of Trog (D:8)
  Psyche (D:8)
  2 smoke demons (Abyss:1)
  2 trolls (D:10)
  Prince Ribbit (D:9)
  4 hippogriffs
  A small abomination (Abyss:1)
  A spriggan (D:7)
  7 yaks
  A shadow (D:11)
  A wraith (D:12)
  A large abomination (Abyss:1)
  A neqoxec (Abyss:1)
  A soldier ant (D:11)
  A hornet zombie (D:7)
  3 ice beasts
  3 black bears
  An eye of draining (D:3)
  A sky beast (D:9)
  A necrophage (D:11)
  6 ogres
  6 centaurs
  A crocodile (D:7)
  A big kobold (D:11)
  4 bullfrogs
  A wyvern zombie (D:11)
  4 scorpions
  9 killer bees
  2 wights (D:10)
  2 howler monkeys
  2 electric eels (D:8)
  3 crimson imps
  2 bullfrog zombies
  7 jellies
  2 orc priests
  3 hounds
  4 orc wizards
  Jessica (D:2)
  3 iguanas
  Terence (D:2)
  6 worker ants
  A hell rat (D:11)
  A killer bee zombie (D:9)
  A hound skeleton (D:4)
  4 gnolls (D:8)
  A worker ant zombie (D:6)
  14 adders
  A river rat (D:11)
  A shadow imp (D:4)
  5 oozes
  3 worms
  A dart slug (D:3)
  9 leopard geckos
  21 orcs
  6 ball pythons
  18 bats
  11 giant cockroaches
  9 goblins
  5 hobgoblins
  25 jackals
  20 kobolds
  7 quokkas
  5 frilled lizards
  A jackal zombie (D:5)
  A leopard gecko skeleton (D:3)
  A quokka zombie (D:5)
  8 rats
  4 fungi (D:2)
  5 plants (D:2)
  A starspawn tentacle (Abyss:1)
299 creatures vanquished.

Vanquished Creatures (collateral kills)
  A hydra (D:10)
  Urug (D:12)
  2 ice beasts
  An ogre (D:10)
  An eye of draining (D:10)
  A big kobold (D:10)
  A bullfrog (D:10)
  4 killer bees
  A wight (D:10)
  A howler monkey (D:11)
  A jelly (D:10)
  A crimson imp (D:9)
  A centaur skeleton (D:8)
  2 orc wizards
  A worker ant zombie (D:10)
  2 river rats (D:11)
  An orc (D:7)
  3 kobolds
  2 quokkas (D:11)
  A quokka zombie (D:8)
  A rat (D:11)
30 creatures vanquished.

Vanquished Creatures (others)
  An orc sorcerer (D:11)
  5 orc warriors
  Sigmund (D:2)
  An orc priest (D:11)
  2 orc wizards
  An orc (D:12)
  A bat (D:2)
  A kobold (D:2)
  3 starspawn tentacles (Abyss:1)
16 creatures vanquished.

Grand Total: 345 creatures vanquished

Notes
Turn   | Place    | Note
-------+----------+-------------------------------------------
     0 | D:1      | Kagorn the Hill Orc Fighter began the quest for the Orb.
     0 | D:1      | Reached XP level 1. HP: 19/19 MP: 1/1
    87 | D:1      | Reached XP level 2. HP: 26/27 MP: 2/2
   139 | D:1      | Reached skill level 3 in Axes
   336 | D:1      | Reached XP level 3. HP: 28/33 MP: 3/3
  1060 | D:2      | Became a worshipper of Beogh the Brigand
  1152 | D:2      | Found a blossoming altar of Fedhas.
  1152 | D:2      | Noticed Jessica
  1180 | D:2      | Killed Jessica
  1180 | D:2      | Reached XP level 4. HP: 8/41 MP: 4/4
  1368 | D:2      | Killed Sigmund
  1429 | D:2      | Found a hide-covered altar of Uskayaw.
  1444 | D:2      | Reached skill level 4 in Axes
  1463 | D:2      | Found a sacrificial altar of Ru.
  1564 | D:2      | Reached skill level 1 in Dodging
  1891 | D:2      | Noticed Terence
  1908 | D:2      | Killed Terence
  1908 | D:2      | Reached XP level 5. HP: 38/47 MP: 5/5
  2007 | D:2      | Noticed an oklob plant
  2323 | D:3      | Found a glowing golden altar of the Shining One.
  2349 | D:3      | Reached * piety under Beogh
  2637 | D:3      | Found a bloodstained altar of Trog.
  2637 | D:3      | Noticed an eye of draining
  2651 | D:3      | Killed an eye of draining
  2651 | D:3      | Reached skill level 5 in Fighting
  2651 | D:3      | Reached skill level 5 in Axes
  2651 | D:3      | Reached XP level 6. HP: 56/56 MP: 0/6
  2714 | D:3      | Found a radiant altar of Vehumet.
  3104 | D:4      | Found a shadowy altar of Dithmenos.
  3786 | D:5      | Entered Level 5 of the Dungeon
  3811 | D:5      | Reached ** piety under Beogh
  3874 | D:5      | Reached XP level 7. HP: 62/62 MP: 5/7
  3983 | D:5      | Reached skill level 6 in Axes
  4645 | D:5      | Learned a level 1 spell: Apportation
  4757 | D:6      | Reached XP level 8. HP: 42/71 MP: 5/8
  4788 | D:6      | Reached skill level 5 in Shields
  4859 | D:6      | Found a staircase to the Ecumenical Temple.
  4898 | D:6      | Reached skill level 5 in Armour
  4998 | D:6      | Reached skill level 7 in Axes
  5012 | D:6      | Reached *** piety under Beogh
  5035 | D:6      | Found a shimmering altar of Xom.
  5054 | D:6      | Found a glowing golden altar of the Shining One.
  5055 | D:6      | Noticed a hippogriff
  5062 | D:6      | Killed a hippogriff
  5191 | D:6      | Found a glowing drain.
  5213 | Sewer    | Entered a sewer
  6348 | D:7      | Found an opulent altar of Gozag.
  6362 | D:7      | Reached skill level 8 in Axes
  6392 | D:7      | Reached XP level 9. HP: 73/81 MP: 6/9
  6433 | D:7      | Found Imebbioxe's Assorted Antiques.
  6440 | D:7      | Found Liyt Asa's Gadget Emporium.
  6457 | D:7      | Bought a pair of boots for 94 gold pieces
  6540 | D:7      | Found Unixadix's Food Shoppe.
  6633 | D:7      | Found Femith's Food Boutique.
  6647 | D:7      | Reached **** piety under Beogh
  6704 | D:7      | Reached skill level 9 in Axes
  6885 | D:7      | Found Esiown's Antique Armour Boutique.
  6891 | D:7      | Bought a pair of gloves for 94 gold pieces
  7260 | D:8      | Found a hazy altar of Hepliaklqana.
  7272 | D:8      | Noticed Psyche
  7275 | D:8      | Cast into level 1 of the Abyss (Psyche)
  7287 | Abyss:1  | Noticed a smoke demon
  7307 | Abyss:1  | Killed a smoke demon
  7308 | Abyss:1  | Noticed a tentacled starspawn
  7368 | Abyss:1  | Noticed a smoke demon
  7379 | Abyss:1  | Killed a smoke demon
  7392 | Abyss:1  | Reached skill level 10 in Axes
  7392 | Abyss:1  | Reached XP level 10. HP: 42/91 MP: 6/10
  7401 | Abyss:1  | Noticed a wretched star
  7406 | Abyss:1  | Gained mutation: You are dopey. (Int -2) [a neqoxec]
  7423 | Abyss:1  | Killed a tentacled starspawn
  7423 | Abyss:1  | Reached skill level 10 in Fighting
  7443 | D:8      | Escaped the Abyss
  7445 | D:8      | Gained Arkwar as an ally
  7445 | D:8      | Your ally Arkwar died
  7447 | D:8      | Killed Psyche
  7447 | D:8      | Reached skill level 11 in Axes
  7856 | D:8      | Found Vool Wua's Armour Boutique.
  8052 | D:8      | Noticed TotesWizzard's ghost (novice DsBe)
  8067 | D:8      | Killed TotesWizzard's ghost
  8197 | D:8      | Reached XP level 11. HP: 98/101 MP: 6/11
  8423 | D:9      | Reached skill level 5 in Dodging
  8507 | D:9      | Found an iron altar of Okawaru.
  8594 | D:9      | Found a snail-covered altar of Cheibriados.
  8835 | D:9      | Gained Argrim as an ally
  8847 | D:9      | Reached ***** piety under Beogh
  9092 | D:9      | Found a deep blue altar of Sif Muna.
  9201 | D:9      | Noticed Prince Ribbit
  9209 | D:9      | Killed Prince Ribbit
  9209 | D:9      | Reached skill level 12 in Axes
  9277 | D:9      | Found a stormy altar of Qazlal.
  9322 | D:9      | Found a shadowy altar of Dithmenos.
  9324 | D:9      | Found an opulent altar of Gozag.
  9392 | D:10     | Entered Level 10 of the Dungeon
  9563 | D:10     | Gained Warrok as an ally
 10287 | D:11     | Noticed a death yak
 10287 | D:11     | Noticed a death yak
 10289 | D:11     | Noticed a death yak
 10311 | D:11     | Killed a death yak
 10316 | D:11     | Killed a death yak
 10328 | D:11     | Killed a death yak
 10344 | D:11     | Found a staircase to the Lair.
 10860 | D:11     | Found the +10 large shield of Ignorance {rN+ Int-4}
 10866 | D:11     | Found a runed door.
 10867 | D:11     | Noticed an orange crystal statue
 10872 | D:11     | Noticed an orange crystal statue
 10872 | D:11     | Noticed an orange crystal statue
 10872 | D:11     | Noticed an orange crystal statue
 10882 | D:11     | Noticed a two-headed ogre
 11081 | D:11     | Found a runed door.
 11144 | D:11     | Noticed a five-headed hydra
 11159 | D:10     | Killed an eight-headed hydra
 11159 | D:10     | Reached skill level 13 in Axes
 11159 | D:10     | Reached skill level 1 in Translocations
 11159 | D:10     | Reached XP level 12. HP: 42/112 MP: 6/13
 11649 | D:11     | Reached skill level 1 in Spellcasting
 11724 | D:12     | Noticed Urug
 11724 | D:12     | Noticed a death knight
 11728 | D:12     | Killed Urug
 11729 | D:12     | Noticed Harold
 11730 | D:12     | Your ally Argrim died
 11737 | D:12     | Your ally Warrok died
 11745 | D:12     | Noticed a two-headed ogre
 11745 | D:12     | HP: 3/113 [death knight/battleaxe (17)]
 11745 | D:12     | Mangled by a phantasmal warrior

Skill      XL: |  1  2  3  4  5  6  7  8  9 10 11 12 |
---------------+-------------------------------------+-----
Axes           | 3 4 5 6 8 10 11 13 | 13.1
Fighting       | 4 5 6 8 9 10 12 | 12.4
Dodging        | 1 2 3 4 5 |  5.8
Shields        | 4 5 6 7 8 |  8.7
Armour         | 4 5 6 7 8 |  8.7
Translocations | 1 |  1.3
Spellcasting   | 1 |  1.2

Action                   |  1- 3 |  4- 6 |  7- 9 | 10-12 || total
-------------------------+-------+-------+-------+-------++-------
Melee: War axe           |   129 |   305 |   345 |   404 ||  1183
Invok: Convert to Beogh  |     1 |       |       |       ||     1
  Use: Potion            |       |     1 |       |    13 ||    14
       Scroll            |       |     5 |    14 |       ||    19
 Stab: Distracted        |       |       |       |     2 ||     2
  Eat: Ration            |     1 |     2 |     6 |     4 ||    13
Armor: Scale mail        |    71 |   115 |   227 |   211 ||   624
Dodge: Dodged            |    48 |    65 |   170 |   224 ||   507
Block: Shield            |    94 |   115 |   232 |   251 ||   692
